 Dungeon Sprint DCSS version 0.29-a0-9-g022ca4c890 (webtiles) character file.

Game seed: 911223026744430661

93885 mhtbhm the Shatterer (level 15, 0/189 HPs)
             Began as a Troll Berserker on Jan 27, 2022.
             Was the Champion of Trog.
             Constricted to death by a nagaraja (4 damage)
             ... in the Dungeon (Sprint IX: "|||||||||||||||||||||||||||||") on Jan 28, 2022.
             The game lasted 00:14:29 (4577 turns).

mhtbhm the Shatterer (Troll Berserker)              Turns: 4577, Time: 00:14:30

Health: 0/189      AC: 21    Str: 49    XL:     15   Next: 25%
Magic:  14/14      EV:  8    Int:  3    God:    Trog [******]
Gold:   1589       SH:  0    Dex:  5    Spells: 14/14 levels left

rFire   + + .      SeeInvis .   a - +9 dire flail of Indomitability {vorpal, rC+ Str+8 Dex-4 Stlth+}
rCold   . . .      Faith    .   (shield currently unavailable)
rNeg    . . .      Spirit   .   b - +3 fire dragon scales
rPois   .          Reflect  .   (helmet restricted)
rElec   .          Harm     .   B - +1 cloak
rCorr   .          Rampage  .   (gloves unavailable)
Will    ++...      NoTele   +   (boots unavailable)
Stlth   ++........              (no amulet)
HPRegen 1.21/turn               y - ring of willpower
MPRegen 0.14/turn               n - +6 ring of strength

@: on berserk cooldown, slowed, constricted, very slow
A: large, unfitting armour, claws 3, regeneration 1, shaggy fur 1, tough skin 1
}: 1/17 runes: gossamer
a: Renounce Religion, Berserk, Trog's Hand, Brothers in Arms


You were in the Dungeon.
You worshipped Trog.
Trog was exalted by your worship.
You visited 1 branch You collected 1924 gold pieces.
You spent 335 gold pieces at shops.

Inventory:

Hand Weapons
 a - the +9 dire flail of Indomitability (weapon) {vorpal, rC+ Str+8 Dex-4 Stlth+}
   (Trog gifted it to you in the Dungeon)

   It inflicts extra damage upon your enemies.
   Str:       It affects your strength (+8).
   Dex:       It affects your dexterity (-4).
   rC:        It protects you from cold.
   Stlth:     It makes you more stealthy.
 e - a +6 giant spiked club of electrocution
 h - a +8 antimagic demon whip
 u - the +7 dire flail of the Dove {vorpal, Str+6 Dex+4}
   (Trog gifted it to you in the Dungeon)

   It inflicts extra damage upon your enemies.
   Str:       It affects your strength (+6).
   Dex:       It affects your dexterity (+4).
 A - the +12 giant club of Capital Punishment {antimagic, rElec rN+ Str+2 Stlth-}
   (Trog gifted it to you in the Dungeon)

   It reduces the magical energy of the wielder, and disrupts the spells and
   magical abilities of those it strikes.
   Natural abilities and divine invocations are not affected.
   Str:       It affects your strength (+2).
   rElec:     It insulates you from electricity.
   rN:        It protects you from negative energy.
   Stlth:     It makes you less stealthy.
 E - the +10 great mace "Ybiuduly" {vorpal, rF+}
   (Trog gifted it to you in the Dungeon)

   It inflicts extra damage upon your enemies.
   rF:        It protects you from fire.
Missiles
 t - 3 curare-tipped darts (quivered)
 D - a throwing net
Armour
 b - +3 fire dragon scales (worn)
 B - a +1 cloak (worn)
Jewellery
 n - a +6 ring of strength (right claw)
 v - a +4 ring of protection
 w - a +4 ring of protection
 x - a ring of protection from cold
 y - a ring of willpower (left claw)
 z - a ring of protection from cold
 F - a +6 ring of dexterity
 G - a +4 ring of protection
 H - a +4 ring of evasion
Wands
 j - a wand of iceblast (6)
 s - a wand of flame (14)
Scrolls
 l - 7 scrolls of identify
 o - 3 scrolls of fear
 p - 5 scrolls of enchant weapon
 q - 5 scrolls of fog
 C - 8 scrolls of enchant armour
Potions
 c - a potion of curing
 d - a potion of might
 f - 4 potions of magic
 g - a potion of berserk rage
 i - 2 potions of mutation
 k - a potion of attraction
 m - a potion of resistance
 r - 6 potions of heal wounds


   Skills:
 + Level 21.7 Fighting
 + Level 24.8 Maces & Flails
 + Level 2.4 Throwing
 + Level 15.2 Armour
 + Level 14.3 Dodging
 + Level 4.4 Stealth
 + Level 1.6 Unarmed Combat
 + Level 4.2 Evocations


You had 14 spell levels left.
You didn't know any spells.
Your spell library was empty.

Dungeon Overview and Level Annotations

Branches:
Dungeon (1/1)

Altars:
Cheibriados
Dithmenos
Elyvilon
Fedhas
Gozag
Hepliaklqana
Kikubaaqudgha
Makhleb
Nemelex Xobeh
Okawaru
Qazlal
Ru
Sif Muna
Trog
Uskayaw
Vehumet
Wu Jian
Xom
Yredelemnul
Zin
The Shining One
Beogh
Jiyva
Lugonu

Shops:
D ::?(


Innate Abilities, Weirdness & Mutations

You are too large for most types of armour.
You have claws for hands.
Your natural rate of healing is unusually fast.
You are covered in fur. (AC +1)
You have tough skin. (AC +1)


Message History

Unknown command.
You feel very sick.
The naga mage casts a spell at the naga mage.
The naga mage seems to grow toxic.
The nagaraja closely misses you.
Items here: )) [[.
Unknown command.
You feel a strong urge to attack something.
You are no longer berserk.
You are exhausted.
You feel yourself slow down.
You feel very sick. The naga warrior spits poison at you.
The splash of poison hits you!
You are more poisoned.
You have difficulty breathing.
* * * LOW HITPOINT WARNING * * *
You feel as though you will be slow longer.
* * * LOW HITPOINT WARNING * * *
Things that are here:
a +0 club; a +0 robe; a naga corpse You closely miss the nagaraja.
* * * LOW HITPOINT WARNING * * *
You feel extremely sick.
The nagaraja hits you with a +0 halberd!
* * * LOW HITPOINT WARNING * * *
The nagaraja grabs you. The nagaraja constricts you.
The guardian serpent casts a spell at you.
The naga mage blinks!
The naga warrior hits you but does no damage.
Unknown command.
Unknown command.
Okay, then.
Unknown command.
You feel better.
The naga warrior no longer looks unusually strong.
The naga mage barely misses you.
The nagaraja hits you with a +0 halberd!
* * * LOW HITPOINT WARNING * * *
The nagaraja constricts you.
You die...

,*,*,*,*,*,*,*,▓.▓.▓.▓.▓)▓.▓[▓.▓)
,*,*,*,*,*,*,*,▓.▓.▓.▓.▓)▓.▓)▓.▓)
,*,*,*,*,*,*,*,▓.▓.▓.▓.▓)▓.▓.▓.▓)
,*,*,*,*,*,*,*,▓.▓.▓[▓.▓)▓.▓(▓.▓)
+*,*,*,*,*,*,*,▓.▓.▓.▓.▓(▓.▓)▓.▓)
,*,*,*,*,*,*,*,▓'▓.▓.▓.▓)▓.▓.▓.▓)
,*,*,*,*,*,*,*,▓)▓.▓)▓.▓.▓.▓.▓)▓)
,*,*,*,*,*,*,*,▓N▓)▓)▓.▓.▓.▓.▓.▓.
,*,*,*,*,*,*,*,▓@▓)▓)▓.▓.▓.▓)▓.▓[
,*,*,*,*,*,*,*,▓N▓)▓)▓.▓.▓.♣'♣.▓[
,*,*+*,*,*,*,*,▓N▓.▓)▓.▓=▓.♣[♣.▓[
,*,*,*,*,*,*,*,▓N▓.▓)▓.▓.▓.♣÷♣.▓[
,*,*,*,*,*,*,*,▓S▓.▓.▓.▓.▓.♣.♣.▓.
+*,*,*,*,*,*,*,▓.▓.▓.▓.▓.▓.♣.♣.▓[
,*,*,*,*,*,*,*,▓N▓)▓.▓.▓.▓.♣.♣.▓[
+*,*,*,*,*,*,*,▓.▓.▓[▓.▓.▓.♣.♣.▓[
,*,*,*,*,*,*,*,▓§▓.▓[▓.▓.▓.♣.♣.▓.


You could see 2 naga warriors, a nagaraja (strong), a guardian serpent and 2
naga magi.

Vanquished Creatures
  A sphinx (D)
  Agnes (D)
  Donald (D)
  4 nagarajas (D)
  A frost giant (D)
  An emperor scorpion (D)
  2 ghost moths (D)
  2 fire giants (D)
  A vault warden (D)
  4 ironbound preservers (D)
  2 very ugly things (D)
  An eleionoma (D)
  4 stone giants (D)
  2 entropy weavers (D)
  2 bunyips (D)
  A dire elephant (D)
  An ettin (D)
  A merfolk impaler (D)
  3 fire dragons (D)
  An ice dragon (D)
  A yaktaur captain (D)
  2 hydras (D)
  3 great orbs of eyes (D)
  A naga warrior (D)
  An anaconda (D)
  2 centaur warriors (D)
  2 two-headed ogres (D)
  A radroach (D)
  An ironbound frostheart (D)
  2 tengu warriors (D)
  A spriggan berserker (D)
  3 deep troll earth magi (D)
  3 hell knights (D)
  8 orc high priests (D)
  Sonja (D)
  A goliath frog (D)
  2 ironbound convokers (D)
  An orc knight (D)
  2 necromancers (D)
  2 harpies (D)
  A wizard (D)
  An ugly thing (D)
  A wolf spider (D)
  A moth of wrath (D)
  2 cyclopes (D)
  5 black mambas (D)
  3 vault sentinels (D)
  3 naga magi (D)
  A cane toad (shapeshifter) (D)
  A gargoyle (D)
  A cane toad (D)
  Psyche (D)
  A komodo dragon (D)
  A torpor snail (D)
  3 demonic crawlers (D)
  A yaktaur (D)
  A meliai (D)
  A merfolk (D)
  5 tyrant leeches (D)
  A hornet (D)
  A slime creature (D)
  3 blink frogs (D)
  3 snapping turtles (D)
  2 jumping spiders (D)
  A spriggan (D)
  A water elemental (D)
  A shadow (D)
  6 yaks (D)
  A wraith (D)
  Eustachio (D)
  4 vampire mosquitoes (D)
  3 redbacks (D)
  3 water moccasins (D)
  8 orc warriors (D)
  A sky beast (D)
  A wolf (D)
  A centaur (D)
  A bullfrog (D)
  9 orc priests (D)
  3 orc wizards (D)
  An adder zombie (D)
  A dart slug (D)
  6 orcs (D)
  3 endoplasms (D)
  A quokka (D)
  2 ball pythons (D)
  2 giant cockroach zombies (D)
181 creatures vanquished.

Vanquished Creatures (collateral kills)
  Mara (D)
  Margery (D)
  A quicksilver dragon (D)
  An emperor scorpion (D)
  A vault warden (D)
  A ghost moth (D)
  An ironbound preserver (D)
  A very ugly thing (D)
  A hell knight (D)
  An orc high priest (D)
  A bog body (D)
  A necromancer (D)
  A moth of wrath (D)
  A rime drake (D)
  3 komodo dragons (D)
  A wind drake (D)
  A yak (D)
  A redback (D)
  A water moccasin (D)
  2 orc warriors (D)
  A hell rat (D)
  An orc (D)
25 creatures vanquished.

Vanquished Creatures (others)
  A deep elf pyromancer (D)
1 creature vanquished.

Grand Total: 207 creatures vanquished

Notes
Turn   | Place    | Note
-------+----------+-------------------------------------------
     0 | D        | mhtbhm the Troll Berserker began the quest for the Orb.
     0 | D        | Reached XP level 1. HP: 22/22 MP: 0/0
     8 | D        | Reached skill level 3 in Maces & Flails
     8 | D        | Reached ** piety under Trog
    50 | D        | Noticed a sky beast
    63 | D        | Killed a sky beast
    63 | D        | Reached *** piety under Trog
    64 | D        | Reached skill level 5 in Maces & Flails
    64 | D        | Reached XP level 2. HP: 33/33 MP: 1/1
    64 | D        | Reached XP level 3. HP: 40/40 MP: 2/2
    64 | D        | Reached XP level 4. HP: 49/49 MP: 3/3
    73 | D        | Reached skill level 5 in Fighting
   103 | D        | Found a snail-covered altar of Cheibriados.
   103 | D        | Found a shadowy altar of Dithmenos.
   103 | D        | Found a white marble altar of Elyvilon.
   103 | D        | Found a blossoming altar of Fedhas.
   103 | D        | Found an opulent altar of Gozag.
   104 | D        | Found a hazy altar of Hepliaklqana.
   105 | D        | Found a viscous altar of Jiyva.
   106 | D        | Found an ancient bone altar of Kikubaaqudgha.
   107 | D        | Found a corrupted altar of Lugonu.
   108 | D        | Found a burning altar of Makhleb.
   109 | D        | Found a sparkling altar of Nemelex Xobeh.
   110 | D        | Found an iron altar of Okawaru.
   111 | D        | Found a stormy altar of Qazlal.
   112 | D        | Found a sacrificial altar of Ru.
   113 | D        | Found a shimmering blue altar of Sif Muna.
   114 | D        | Found a bloodstained altar of Trog.
   115 | D        | Found a hide-covered altar of Uskayaw.
   116 | D        | Found a radiant altar of Vehumet.
   117 | D        | Found an ornate altar of the Wu Jian Council.
   118 | D        | Found a shimmering altar of Xom.
   119 | D        | Found a basalt altar of Yredelemnul.
   120 | D        | Found a glowing silver altar of Zin.
   121 | D        | Found a glowing golden altar of the Shining One.
   150 | D        | Noticed a wraith
   150 | D        | Noticed a yak
   150 | D        | Noticed a centaur
   150 | D        | Noticed a yak
   150 | D        | Noticed a two-headed ogre
   158 | D        | Killed a wraith
   158 | D        | Reached **** piety under Trog
   159 | D        | Reached skill level 7 in Maces & Flails
   159 | D        | Reached skill level 5 in Dodging
   159 | D        | Reached XP level 5. HP: 53/59 MP: 4/4
   160 | D        | Killed a yak
   161 | D        | Reached skill level 8 in Maces & Flails
   161 | D        | Reached XP level 6. HP: 45/71 MP: 5/5
   220 | D        | Killed a yak
   221 | D        | Reached skill level 9 in Maces & Flails
   221 | D        | Reached XP level 7. HP: 79/79 MP: 6/6
   224 | D        | Killed a two-headed ogre
   225 | D        | Reached skill level 10 in Maces & Flails
   225 | D        | Reached XP level 8. HP: 92/92 MP: 7/7
   226 | D        | Reached ***** piety under Trog
   387 | D        | Noticed a gargoyle
   387 | D        | Noticed a centaur warrior
   387 | D        | Noticed a deep elf pyromancer
   387 | D        | Noticed a two-headed ogre
   393 | D        | Reached skill level 11 in Maces & Flails
   404 | D        | Killed a gargoyle
   413 | D        | Killed a centaur warrior
   414 | D        | Reached skill level 10 in Fighting
   414 | D        | Reached skill level 12 in Maces & Flails
   414 | D        | Reached XP level 9. HP: 6/102 MP: 8/8
   414 | D        | Killed a deep elf pyromancer
   415 | D        | Reached skill level 13 in Maces & Flails
   415 | D        | Reached skill level 1 in Stealth
   422 | D        | HP: 1/102 [two-headed ogre (10)]
   423 | D        | Killed a two-headed ogre
   640 | D        | Reached skill level 10 in Dodging
   642 | D        | Reached skill level 14 in Maces & Flails
   650 | D        | Received a gift from Trog
   660 | D        | Reached XP level 10. HP: 102/114 MP: 9/9
   731 | D        | Reached skill level 15 in Maces & Flails
   731 | D        | Reached skill level 1 in Evocations
   738 | D        | Reached ****** piety under Trog
   787 | D        | Received a gift from Trog
   798 | D        | Reached skill level 16 in Maces & Flails
   801 | D        | Noticed a cane toad
   814 | D        | Killed a cane toad
   924 | D        | Noticed Psyche
   925 | D        | Noticed Sonja
   929 | D        | Killed Sonja
   929 | D        | Received a gift from Trog
   930 | D        | Reached XP level 11. HP: 113/126 MP: 10/10
   932 | D        | Killed Psyche
  1152 | D        | Received a gift from Trog
  1173 | D        | Reached skill level 17 in Maces & Flails
  1175 | D        | Identified the +9 dire flail of Indomitability {vorpal, rC+
                  | Str+8 Dex-4 Stlth+} (Trog gifted it to you in the Dungeon)
  1175 | D        | Received a gift from Trog
  1304 | D        | Noticed an orc high priest
  1313 | D        | Received a gift from Trog
  1315 | D        | Noticed a soul eater
  1325 | D        | Killed an orc high priest
  1390 | D        | Found Juquov's Book Emporium.
  1390 | D        | Noticed an orc high priest
  1390 | D        | Noticed an orc high priest
  1390 | D        | Noticed an orc high priest
  1391 | D        | Noticed an orc high priest
  1396 | D        | Found Teakhliw's Book Shoppe.
  1400 | D        | Killed an orc high priest
  1401 | D        | Noticed an orc high priest
  1402 | D        | Noticed a sixfirhy
  1402 | D        | Noticed an orc high priest
  1405 | D        | Killed an orc high priest
  1406 | D        | Found Keagim's Magic Scroll Emporium.
  1411 | D        | Killed an orc high priest
  1411 | D        | Identified the +7 dire flail of the Dove {vorpal, Str+6
                  | Dex+4} (Trog gifted it to you in the Dungeon)
  1411 | D        | Received a gift from Trog
  1412 | D        | Reached skill level 18 in Maces & Flails
  1415 | D        | Found Wueconk's Weapon Shoppe.
  1419 | D        | Noticed an orc high priest
  1421 | D        | Killed an orc high priest
  1428 | D        | Killed an orc high priest
  1435 | D        | Killed an orc high priest
  1438 | D        | Noticed an orc high priest
  1442 | D        | Killed an orc high priest
  1448 | D        | Received a gift from Trog
  1454 | D        | Killed an orc high priest
  1454 | D        | Paralysed by you for 2 turns
  1455 | D        | Reached skill level 1 in Unarmed Combat
  1513 | D        | Bought a scroll of identify for 20 gold pieces
  1513 | D        | Bought a scroll of magic mapping for 35 gold pieces
  1513 | D        | Bought a scroll of fog for 20 gold pieces
  1513 | D        | Bought a scroll of fog for 20 gold pieces
  1513 | D        | Bought a scroll of brand weapon for 200 gold pieces
  1513 | D        | Bought a scroll of fog for 20 gold pieces
  1521 | D        | Bought a scroll of identify for 20 gold pieces
  1729 | D        | Noticed a tengu warrior
  1729 | D        | Noticed an orc knight
  1729 | D        | Noticed a wizard
  1729 | D        | Noticed a seven-headed hydra
  1729 | D        | Noticed a seven-headed hydra
  1729 | D        | Noticed a centaur warrior
  1733 | D        | Killed a tengu warrior
  1738 | D        | Killed an orc knight
  1739 | D        | Reached skill level 19 in Maces & Flails
  1739 | D        | Reached XP level 12. HP: 140/140 MP: 11/11
  1741 | D        | Noticed a great orb of eyes
  1742 | D        | Noticed a tengu warrior
  1744 | D        | Killed a seven-headed hydra
  1747 | D        | Killed a seven-headed hydra
  1747 | D        | Identified the +8 giant club "Xicus" {antimagic, rC+} (Trog
                  | gifted it to you in the Dungeon)
  1747 | D        | Received a gift from Trog
  1748 | D        | Reached skill level 15 in Fighting
  1751 | D        | Killed a centaur warrior
  1752 | D        | Reached skill level 1 in Armour
  1752 | D        | Noticed a stone giant
  1756 | D        | Noticed a purple very ugly thing
  1787 | D        | Noticed a stone giant
  1789 | D        | Killed a great orb of eyes
  1790 | D        | Noticed a fire giant
  1792 | D        | Killed a stone giant
  1796 | D        | Killed a purple very ugly thing
  1803 | D        | Killed a stone giant
  1804 | D        | Reached skill level 20 in Maces & Flails
  1810 | D        | Killed a tengu warrior
  1811 | D        | Received a gift from Trog
  1816 | D        | Killed a fire giant
  1910 | D        | Noticed Agnes
  1918 | D        | Killed Agnes
  1952 | D        | Noticed Eustachio
  1958 | D        | Killed Eustachio
  1997 | D        | Noticed a merfolk impaler
  2001 | D        | Killed a merfolk impaler
  2009 | D        | Received a gift from Trog
  2037 | D        | Reached XP level 13. HP: 21/154 MP: 12/12
  2230 | D        | Noticed a bunyip
  2230 | D        | Noticed an eleionoma
  2230 | D        | Noticed a bunyip
  2235 | D        | Killed a bunyip
  2235 | D        | Received a gift from Trog
  2236 | D        | Reached skill level 5 in Armour
  2248 | D        | Killed an eleionoma
  2249 | D        | Reached skill level 21 in Maces & Flails
  2302 | D        | Received a gift from Trog
  2308 | D        | Killed a bunyip
  2321 | D        | HP: 4/156 [bog body (28)]
  2443 | D        | Upgraded the game from 0.29-a0-2-g12fcac58f8 to
                  | 0.29-a0-9-g022ca4c890
  2455 | D        | Noticed a nagaraja
  2461 | D        | Received a gift from Trog
  2474 | D        | Killed a nagaraja
  2476 | D        | Received a gift from Trog
  2549 | D        | Noticed an entropy weaver
  2549 | D        | Noticed an entropy weaver
  2566 | D        | Killed an entropy weaver
  2571 | D        | Killed an entropy weaver
  2571 | D        | Received a gift from Trog
  2695 | D        | Killed a ghost moth
  2823 | D        | Noticed Donald
  2831 | D        | Killed Donald
  2832 | D        | Reached skill level 10 in Armour
  2957 | D        | Noticed an ettin
  2957 | D        | Noticed a stone giant
  2961 | D        | Killed an ettin
  2961 | D        | Received a gift from Trog
  2964 | D        | Noticed a frost giant
  2968 | D        | Noticed a fire dragon
  2976 | D        | Killed a stone giant
  2983 | D        | Received a gift from Trog
  2984 | D        | Reached skill level 22 in Maces & Flails
  2984 | D        | Reached skill level 1 in Throwing
  2984 | D        | Noticed a quicksilver dragon
  2986 | D        | Noticed a green very ugly thing
  2988 | D        | Killed a frost giant
  2989 | D        | Noticed a fire dragon
  2993 | D        | Killed a quicksilver dragon
  2994 | D        | Reached XP level 14. HP: 43/170 MP: 13/13
  2997 | D        | Killed a green very ugly thing
  3202 | D        | Noticed a fire giant
  3202 | D        | Noticed a green very ugly thing
  3206 | D        | Received a gift from Trog
  3217 | D        | Noticed a stone giant
  3221 | D        | Killed a fire giant
  3225 | D        | Killed a green very ugly thing
  3242 | D        | Killed a stone giant
  3328 | D        | Noticed a sphinx
  3328 | D        | Noticed an ironbound preserver
  3330 | D        | Noticed an ironbound preserver
  3332 | D        | Identified the +10 great mace "Ybiuduly" {vorpal, rF+}
                  | (Trog gifted it to you in the Dungeon)
  3332 | D        | Received a gift from Trog
  3337 | D        | Killed a sphinx
  3414 | D        | Noticed an ironbound preserver
  3417 | D        | Received a gift from Trog
  3418 | D        | Noticed a vault warden
  3424 | D        | Killed an ironbound preserver
  3428 | D        | Killed an ironbound preserver
  3431 | D        | Killed an ironbound preserver
  3432 | D        | Reached skill level 23 in Maces & Flails
  3433 | D        | Received a gift from Trog
  3440 | D        | Killed a vault warden
  3453 | D        | Noticed an ironbound preserver
  3485 | D        | Identified the +12 giant club of Capital Punishment
                  | {antimagic, rElec rN+ Str+2 Stlth-} (Trog gifted it to you
                  | in the Dungeon)
  3485 | D        | Received a gift from Trog
  3498 | D        | Killed an ironbound preserver
  3504 | D        | Noticed a vault warden
  3515 | D        | Noticed an ironbound preserver
  3517 | D        | Killed a vault warden
  3517 | D        | Received a gift from Trog
  3520 | D        | Killed an ironbound preserver
  3750 | D        | Noticed Mara
  3761 | D        | Noticed mhtbhm's illusion
  3774 | D        | Killed Mara
  4148 | D        | Received a gift from Trog
  4151 | D        | Noticed Margery
  4154 | D        | Killed Margery
  4155 | D        | Reached skill level 24 in Maces & Flails
  4273 | D        | Noticed an emperor scorpion
  4277 | D        | Reached XP level 15. HP: 187/187 MP: 14/14
  4281 | D        | Killed an emperor scorpion
  4289 | D        | Received a gift from Trog
  4348 | D        | Noticed an emperor scorpion
  4367 | D        | Received a gift from Trog
  4373 | D        | HP: 7/187 [emperor scorpion (10)]
  4376 | D        | Killed an emperor scorpion
  4547 | D        | Got a gossamer rune of Zot
  4554 | D        | Noticed a nagaraja
  4554 | D        | Noticed a nagaraja
  4554 | D        | Noticed a nagaraja
  4555 | D        | Noticed a nagaraja
  4562 | D        | Killed a nagaraja
  4563 | D        | Reached skill level 15 in Armour
  4565 | D        | Killed a nagaraja
  4565 | D        | Received a gift from Trog
  4570 | D        | Killed a nagaraja
  4576 | D        | HP: 9/189 [nagaraja (16)]
  4577 | D        | HP: 4/189 [nagaraja (13)]
  4577 | D        | Constricted to death by a nagaraja

Illustrated notes

Levels and vault maps discovered:
D:        linesprint [early_d, line_temple, items_1, d_10, items_2, lair_1,
          lair_end, items_3, orc_1, orc_end, items_4, d_15, swamp_1, shoals_1,
          snake_1, spider_1, d_20, vaults_1, items_5, swamp_end, shoals_end,
          snake_end, spider_end, vaults_end, d_27, items_6, zot_1, zot_end,
          crypt_end, forest_end, elf_end, slime_end, tomb_end, abyss_end,
          pan_hell_end]

Skill      XL: |  1  2  3  4  5  6  7  8  9 10 11 12 13 14 15 |
---------------+----------------------------------------------+-----
Maces & Flails | 5 7 8 9 10 12 14 16 19 20 22 24 | 24.8
Fighting       | 4 6 7 9 10 11 12 14 16 18 21 | 21.7
Dodging        | 4 5 6 7 8 9 10 11 12 13 14 | 14.3
Stealth        | 1 2 3 4 |  4.4
Evocations     | 1 2 3 4 |  4.2
Unarmed Combat | 1 |  1.6
Armour         | 4 11 14 15 | 15.2
Throwing       | 1 2 |  2.4

Action                   |  1- 3 |  4- 6 |  7- 9 | 10-12 | 13-15 || total
-------------------------+-------+-------+-------+-------+-------++-------
Melee: Mace              |    22 |     8 |       |       |       ||    30
       Morningstar       |       |    17 |    51 |    57 |       ||   125
       Punch             |       |     2 |     1 |       |       ||     3
       Dire flail        |       |       |       |   152 |   290 ||   442
       Great mace        |       |       |       |    23 |       ||    23
       Unarmed           |       |       |       |     1 |       ||     1
Throw: Dart              |       |       |       |       |     3 ||     3
Invok: Berserk           |     2 |     2 |     2 |     9 |    15 ||    30
       Brothers in Arms  |       |       |     1 |     5 |     8 ||    14
       Trog's Hand       |       |       |       |       |     1 ||     1
Evoke: Wand              |       |       |     3 |     4 |     2 ||     9
  Use: Potion            |       |     1 |     3 |     5 |     4 ||    13
       Scroll            |       |       |     1 |       |     5 ||     6
 Stab: Distracted        |       |       |       |     1 |       ||     1
Armor: Animal skin       |    10 |    19 |    23 |    17 |       ||    69
       Fire dragon scale |       |       |       |    40 |    97 ||   137
Dodge: Dodged            |     3 |    30 |    31 |    81 |    71 ||   216

Table legend: (Time is in decaauts)
 A = Elapsed time spent in this place.
 B = Non-inter-level travel time spent in this place.
 C = Inter-level travel time spent in this place.
 D = Time resting spent in this place.
 E = Time spent auto-exploring this place.
 F = Levels seen in this place.
 G = Mean time per level.
                   A        B        C        D        E       F      G
               +--------+--------+--------+--------+--------+-----+--------+
         Total |   4595 |   4595 |      0 |   2333 |    410 |   1 | 4595.0 |
       Dungeon |   4595 |   4595 |      0 |   2333 |    410 |   1 | 4595.0 |
               +--------+--------+--------+--------+--------+-----+--------+

Top non-repeatable levels by time:
       D: 4595 daAuts
